 Dungeon Crawl Stone Soup version bcrawl-1.12.2 (webtiles) character file.

Game seed: 12857651616822006724

291 RedPan the Insei (level 6, 0/47 HPs)
             Began as a Draconian Transmuter on July 22, 2019.
             Slain by a gnoll
             ... wielding a +0 spear
              (4 damage)
             ... on level 3 of the Dungeon.
             The game lasted 00:12:45 (3016 turns).

RedPan the Insei (Draconian Transmuter)             Turns: 3016, Time: 00:12:45

Health: 0/47       AC:  7    Str: 12    XL:     6   Next: 10%
Magic:  9/10       EV: 12    Int: 15    God:
Gold:   230        SH:  0    Dex: 12    Spells: 5/11 levels left

rFire    . . .     SeeInvis .     - Unarmed
rCold    + . .     Gourm    .   (no shield)
rNeg     . . .     Faith    .   (armour unavailable)
rPois    .         Spirit   .   (helmet restricted)
rElec    .         Reflect  .   (no cloak)
rCorr    .         Harm     .   (no gloves)
MR       .....                  l - +0 pair of boots
Stlth    +.........             (no amulet)
HPRegen  0.15/turn              (no ring)
MPRegen  0.12/turn              g - ring of protection from cold

@: appendage
A: unfitting armour, horns 2, cold-blooded, AC +6
a: End Transformation


You were on level 3 of the Dungeon.
You were not hungry.
You had grown temporary horns.
You visited 1 branch of the dungeon, and saw 4 of its levels.

You collected 230 gold pieces.

Inventory:

Missiles
 a - 814 arrows
Armour
 l - a +0 pair of boots (worn)
Jewellery
 g - a ring of protection from cold (right hand)
Scrolls
 i - a scroll of remove curse
 m - a scroll of identify
Potions
 b - 2 potions of curing
 c - a potion of lignification
 e - 2 potions of cancellation
 f - a potion of agility {unknown}
 h - a potion of magic {unknown}
 j - a potion of haste {unknown}
 k - 3 potions of brilliance {unknown}
 n - 4 potions of berserk rage {unknown}
 p - a potion of degeneration {unknown}
Comestibles
 d - 4 rations {!d}
 o - 3 chunks of flesh


   Skills:
 - Level 1.1 Fighting
 - Level 2.1 Dodging
 + Level 4.8 Unarmed Combat
 - Level 3.0 Spellcasting
 + Level 3.7 Transmutations
 + Level 1.8 Poison Magic


You had 5 spell levels left.
You knew the following spells:

 Your Spells              Type           Power        Failure   Level  Hunger
a - Beastly Appendage     Tmut           ##....       4%          1    #......
b - Sticks to Snakes      Tmut           ##......     6%          2    ##.....
c - Spider Form           Tmut/Pois      ##.          19%         3    ###....

Your spell library contained the following spells:

 Spells                   Type           Power        Failure   Level  Hunger
 Ice Form                 Ice/Tmut       #.......     67%         4    #####..
 Blade Hands              Tmut           ##........   75%         5    ######.


Dungeon Overview and Level Annotations

Branches:
Dungeon (4/12)
 Temple: D:4-7

Altars:
Ashenzari
Okawaru
Wu Jian


Innate Abilities, Weirdness & Mutations

Your plain brown scales are hard. (AC +6)
You cannot fit into any form of body armour.
You are cold-blooded and may be slowed by cold attacks.
You have a pair of horns on your head.


Message History

* * * LOW HITPOINT WARNING * * *
You hit the gnoll but do no damage.
Your tail-slap misses the gnoll.
The gnoll hits you but does no damage.
You closely miss the gnoll. You tail-slap the gnoll.
The gnoll is lightly wounded.
The gnoll closely misses you.
You closely miss the gnoll.
The gnoll is lightly wounded.
The gnoll completely misses you.
You completely miss the gnoll.
The gnoll is lightly wounded.
The gnoll hits you with a +0 spear!
* * * LOW HITPOINT WARNING * * *
You completely miss the gnoll.
The gnoll is lightly wounded.
The gnoll closely misses you.
You barely miss the gnoll.
The gnoll is lightly wounded.
The gnoll hits you with a +0 spear.
You die...

#......#.#...#.......####
#............#.#...##)>..
#.....##.#...#.#.####....
#.....##.#...#.#....+....
###'####.#.#.#.######....
######.# #.#.#.#...........
######......## #.#.#.######....<.
.......##....# #.#.#.# #......
.......##....# #@#.#.######......
.......##....# #g#...............
######.##....# #.#####.######.###
.......##....# #.......# #.#
#########..[.######.##.######.###
# #..........#.##.....#....# #
#.#######.##.######.##.#.# # #.#
#............#.#.# # #.#
####.#########.#.#


You could see a gnoll.

Vanquished Creatures
  An orc priest (D:3)
  A hound (D:3)
  2 orc wizards
  2 adders
  A gnoll (D:3)
  An adder skeleton (D:4)
  2 worms
  4 dart slugs
  3 leopard geckos
  5 orcs (D:3)
  A giant cockroach (D:1)
  7 goblins
  8 hobgoblins
  A jackal (D:2)
  7 kobolds
  A quokka (D:2)
  2 ball pythons (D:3)
  9 bats
  5 frilled lizards
  A jackal skeleton (D:3)
  6 rats
70 creatures vanquished.

Vanquished Creatures (collateral kills)
  An orc wizard (D:3)
  An orc priest (D:3)
  Jessica (D:2)
  An adder (D:3)
  An orc (D:3)
  A hobgoblin (D:3)
  A quokka (D:4)
7 creatures vanquished.

Grand Total: 77 creatures vanquished

Notes
Turn   | Place    | Note
-------+----------+-------------------------------------------
     0 | D:1      | RedPan the Draconian Transmuter began the quest for the
                  | Orb.
     0 | D:1      | Reached XP level 1. HP: 16/16 MP: 3/3
    76 | D:1      | Reached XP level 2. HP: 5/23 MP: 5/5
   547 | D:1      | Reached XP level 3. HP: 28/28 MP: 4/6
   896 | D:1      | Learned a level 2 spell: Sticks to Snakes
   900 | D:1      | Learned a level 3 spell: Spider Form
  1079 | D:2      | Found an iron altar of Okawaru.
  1146 | D:2      | Found an iron altar of Okawaru.
  1150 | D:2      | Noticed Jessica
  1157 | D:2      | Killed Jessica
  1274 | D:2      | Reached XP level 4. HP: 32/35 MP: 7/7
  1359 | D:2      | Found a shattered altar of Ashenzari.
  1446 | D:2      | Reached skill level 4 in Unarmed Combat
  2345 | D:3      | Found a faded altar of an unknown god.
  2395 | D:3      | Found an ornate altar of the Wu Jian Council.
  2422 | D:3      | Reached XP level 5. HP: 19/40 MP: 6/9
  2564 | D:3      | Reached skill level 1 in Poison Magic
  2935 | D:4      | Reached XP level 6. HP: 45/47 MP: 3/10
  3016 | D:3      | Slain by a gnoll

Skill      XL: |  1  2  3  4  5 |
---------------+----------------+-----
Dodging        | 2 |  2.1
Unarmed Combat | 4 |  4.8
Transmutations | 3 |  3.7
Spellcasting   | 3 |  3.0
Poison Magic   | 1 |  1.8
Fighting       | |  1.1

Action                   |  1- 3 |  4- 6 || total
-------------------------+-------+-------++-------
Melee: Unarmed           |   155 |   142 ||   297
       Tailslap          |     9 |    13 ||    22
       Kick              |     2 |       ||     2
       Headbutt          |     1 |    10 ||    11
       Punch             |     1 |     2 ||     3
 Cast: Beastly Appendage |     6 |    11 ||    17
       Sticks to Snakes  |     1 |    11 ||    12
  Use: Scroll            |       |     5 ||     5
       Potion            |       |     1 ||     1
 Stab: Sleeping          |       |     1 ||     1
  Eat: Chunk             |     2 |     6 ||     8
Armor: Skin              |    65 |    39 ||   104
Dodge: Dodged            |   116 |    77 ||   193
